 Dungeon Crawl Stone Soup version 0.32-a0-876-gcfddb08e57 (webtiles) character file.

Game seed: 11087385817181883712

67 skrealing the Chopper (level 3, 0/27 (31) HPs)
             Began as a Mountain Dwarf Fighter on Apr 1, 2024.
             Was a Follower of Elyvilon.
             Slain by a hobgoblin (1 damage)
             ... led by Robin
             ... on level 3 of the Dungeon.
             The game lasted 00:02:34 (1836 turns).

skrealing the Chopper (Mountain Dwarf Fighter)      Turns: 1836, Time: 00:02:35

HP:   0/27 (31)     AC:  6    Str: 20    XL:     3   Next: 98%
MP:   3/3           EV:  8    Int:  8    God:    Elyvilon [*.....]
Gold: 106           SH:  4    Dex:  9    Spells: 2/2 levels left

rFire   . . .        i - +0 whip (elec)
rCold   . . .        c - +0 buckler
rNeg    . . .        b - +0 scale mail
rPois   .            (no helmet)
rElec   .            f - scarf {+Inv}
rCorr   .            (no gloves)
SInv    .            (no boots)
Will    .....        (no amulet) Stlth
                     (no ring)
HPRegen 0.24/turn    (no ring)
MPRegen 0.08/turn

%: no passive effects
@: mighty, heavily drained
A: runic magic, artefact enchanting
a: Renounce Religion, Evoke Invisibility, Purification


You were on level 3 of the Dungeon.
You worshipped Elyvilon.
Elyvilon was aware of your devotion.
You visited 1 branch of the dungeon, and saw 3 of its levels.

You collected 106 gold pieces.

Inventory:

Hand Weapons
 a - a +0 war axe
 i - a +0 whip of electrocution (weapon)
Armour
 b - a +0 scale mail (worn)
 c - a +0 buckler (worn)
 f - a scarf of invisibility (worn)
Scrolls
 g - 2 scrolls of teleportation {unknown}
 h - a scroll of fog {unknown}
 k - 2 scrolls of immolation {unknown}
 l - a scroll of revelation {unknown}
 m - a scroll of identify {unknown}
 n - a scroll of poison {unknown}
 o - a scroll of fear {unknown}
 q - a scroll of enchant weapon {unknown}
Potions
 e - a potion of curing {unknown}
 j - a potion of haste {unknown}
 p - a potion of degeneration {unknown}


   Skills:
 - Level 3.2 Fighting
 - Level 4.2(4.6) Axes
 + Level 2.8(4.0) Maces & Flails
 - Level 3.2 Armour
 - Level 3.2 Shields


You had 2 spell levels left.
You didn't know any spells.
Your spell library was empty.

Dungeon Overview and Level Annotations

Branches:
Dungeon (3/15)

Altars:
Elyvilon

Shops:
D:3 :

Annotations:
D:3 Robin


Innate Abilities, Weirdness & Mutations

Your spellcasting is much less encumbered by armour.
You can use scrolls of enchantment on lesser artefacts.


Message History

Here: Robin, wielding a +0 falchion, wearing a +0 animal skin and wearing a +2 helmet of intelligence (lightly wounded)
The floor, spattered with blood.
Unknown command.
You feel very mighty all of a sudden.
You feel sick. Robin hits you but does no damage.
Okay, then.
You barely miss Robin.
Robin is lightly wounded.
You feel sick.
You are no longer poisoned.
A goblin comes into view. It is wielding a +0 dagger.
A hobgoblin comes into view.
You block Robin's attack.
The hobgoblin hits you but does no damage.
You whack Robin!
Robin is heavily wounded.
A goblin comes into view. It is wielding a +0 dagger.
Robin roars a battlecry!
The goblins go into a battle-frenzy!
A goblin comes into view. It is wielding a +0 dagger.
You barely miss Robin.
Robin is heavily wounded.
The goblin shouts!
A goblin comes into view. It is wielding a +0 club.
Robin hits you but does no damage. The hobgoblin hits you.
* * * LOW HITPOINT WARNING * * *
Okay, then.
The goblin attacks as it pursues you! The goblin hits you but does no damage.
You feel drained.
You fail to use your ability.
The hobgoblin barely misses you.
The goblin unwields a +0 dagger.
The goblin wields a +0 sling.
The goblin shoots a sling bullet.
The sling bullet hits you.
* * * LOW HITPOINT WARNING * * *
The hobgoblin barely misses you. The goblin hits you with a +0 dagger.
* * * LOW HITPOINT WARNING * * *
The hobgoblin hits you. Elyvilon protects you from harm!
Robin attacks as they pursue you! You block Robin's attack.
The hobgoblin hits you.
You die...

#.#.............# #
#.###.#..)..........###
#.............##.#..##.
#................#..##.
#.#!# #...##.#..##. # #
#.#)# #...##.#..##.
#..#.#.#)###...##.#..##.
.......ggg.g............
:.#.#.@g.†g......#..##.
..#.###g###...####..##.
..............# #..##.
..#.###.###...####..##.
.......................
..#.............##.....
.>.....................
..............#.#......
..#.######....#.#.).#..


You could see Robin, 2 hobgoblins and 4 goblins.

Vanquished Creatures
  An adder (D:2)
  2 dart slugs (D:1)
  An orc (D:3)
  5 bats
  7 endoplasms
  6 goblins
  8 hobgoblins
  4 jackals
  2 ball pythons
  A frilled lizard (D:1)
  5 kobolds
  5 rats
47 creatures vanquished.

Notes
Turn   | Place    | Note
-------+----------+-------------------------------------------
     0 | D:1      | skrealing the Mountain Dwarf Fighter began the quest for
                  | the Orb.
     0 | D:1      | Reached XP level 1. HP: 19/19 MP: 1/1
    71 | D:1      | Reached skill level 3 in Axes
    76 | D:1      | Reached XP level 2. HP: 24/26 MP: 2/2
   190 | D:1      | Reached skill level 4 in Axes
   387 | D:1      | Reached XP level 3. HP: 28/31 MP: 3/3
   781 | D:2      | Reached skill level 1 in Maces & Flails
  1073 | D:2      | Found a white marble altar of Elyvilon.
  1078 | D:2      | Became a worshipper of Elyvilon the Healer
  1697 | D:3      | Found Fariu's Vocational Training.
  1767 | D:3      | Reached * piety under Elyvilon
  1824 | D:3      | Noticed Robin
  1835 | D:3      | HP: 1/27 [goblin/+0 dagger[Robin] (1)]
  1836 | D:3      | Elyvilon protects you from harm!
  1836 | D:3      | Slain by a hobgoblin

Illustrated notes

Levels and vault maps discovered:
D:1:      minmay_arrival_four_circles, layout_loops_ring,
          nicolae_twisty_statue_hallways
D:2:      layout_basic, basic_altar
D:3:      layout_basic, nicolae_shop_vocational, uniq_robin

Skill      XL: |  1  2  3 |
---------------+----------+-----
Axes           | 3 4 |  4.2
Maces & Flails | 2 |  2.8
Fighting       | |  3.2
Armour         | |  3.2
Shields        | |  3.2

Action                     || total
---------------------------++-------
  Melee: War axe           ||    49
         Whip              ||   122
    Use: Potion            ||     1
 Armour: Scale mail        ||   137
  Dodge: Dodged            ||    69
  Block: Buckler           ||    26

Table legend: (Time is in decaauts)
 A = Elapsed time spent in this place.
 B = Non-inter-level travel time spent in this place.
 C = Inter-level travel time spent in this place.
 D = Time resting spent in this place.
 E = Time spent auto-exploring this place.
 F = Levels seen in this place.
 G = Mean time per level.
                   A        B        C        D        E       F      G
               +--------+--------+--------+--------+--------+-----+--------+
         Total |   1849 |   1770 |     79 |     11 |   1435 |   3 |  616.3 |
       Dungeon |   1849 |   1770 |     79 |     11 |   1435 |   3 |  616.3 |
               +--------+--------+--------+--------+--------+-----+--------+

Top non-repeatable levels by time:
     D:2: 962 daAuts
     D:1: 725 daAuts
     D:3: 161 daAuts
